AoeStats
← facufrances1

Arabia

509721247Analyzed
1v1 RM · 3d ago on Sep 27, 2026· 50m 41s· 2 players
Game mode
Random Map
Map size
Tiny (2 player)
Population
200
Speed
Normal
Resources
Standard
Victory
Conquest
Starting age
Dark Age
Ending age
Imperial Age
RankedLock teamsTeams togetherTeam positionsShared explorationLock speedFull tech treeHidden civsTurbo modeCheats
Victory
Defeat
🇨🇿 Saracens · Czechia
949
+15
🇦🇷 Malians · Argentina
930
-15
facufrances1
3:36 Loom
12:40 Feudal Age
12:44 Man-at-Arms
21:34 Castle Age
20:28 Gold Mining
21:49 Fletching
23:12 Long Swordsman
25:01 Arson
26:34 Double-Bit Axe
26:57 Squires
28:32 Pikeman
30:16 Scale Mail Armor
32:30 Fervor
32:09 Town Watch
35:09 Bodkin Arrow
38:34 Wheelbarrow
38:43 Forging
40:21 Town Patrol
44:16 Imperial Age
42:24 Bloodlines
43:43 Hand Cart
45:15 Tigui
47:36 Conscription
50:01 Farimba
50:39 Scale Barding Armor
50:55 Husbandry
kahi.cz
8:17 Loom
10:12 Feudal Age
18:55 Fletching
19:48 Town Watch
20:40 Wheelbarrow
20:52 Horse Collar
25:05 Castle Age
25:14 Crossbowman
29:26 Scale Barding Armor
31:09 Wheelbarrow
32:18 Double-Bit Axe
34:21 Bodkin Arrow
41:12 Imperial Age
39:21 Bow Saw
41:30 Padded Archer Armor
41:42 Forging
42:42 Hand Cart
42:39 Heavy Plow
42:55 Bloodlines
43:48 Iron Casting
44:24 Husbandry
44:01 Light Cavalry
48:03 Blast Furnace
50:12 Masonry
51:14 Ballistics
Connection lost

Rejoining the realm…

Still unreachable

The connection could not be restored.

Session expired

The server has moved on; the page needs a fresh start.